 Dungeon Crawl Stone Soup version 0.28-a0-984-g3775c662fe (webtiles) character file.

Game seed: 4230358373804728027

639294 voltaire321 the Intangible (level 27, -11/174 HPs)
             Began as a Merfolk Gladiator on Nov 30, 2021.
             Was the Champion of the Shining One.
             Mangled by an ancient champion (21 damage)
             ... on level 1 of the Crypt on Dec 3, 2021.
             The game lasted 06:47:32 (75090 turns).

voltaire321 the Intangible (Merfolk Gladiator)     Turns: 75090, Time: 06:47:32

Health: -11/174    AC: 21    Str:  3 (13) XL:     27
Magic:  46/48      EV: 17    Int: 14 (20) God:    the Shining One [******]
Gold:   9107       SH: 20    Dex: 22 (30) Spells: 40/60 levels left

rFire   + + +      SeeInvis .   f - +6 trident (venom)
rCold   . . .      Faith    .   J - +5 kite shield {reflect}
rNeg    + + +      Spirit   .   s - +4 ring mail {rPois}
rPois   +          Reflect  +   X - +0 hat "Xaxezot" {rF+ rCorr Int+3}
rElec   .          Harm     .   D - +4 dragonskin cloak
rCorr   +          Rampage  +   h - +2 pair of gloves
Will    ++++.                   a - +0 pair of boots of the World {Rampage rF+}
Stlth   +.........              L - amulet "Perokim" {Will+ Regen+ Dex+4}
HPRegen 1.19/turn               r - ring of Yendor {Fly rF+ Will+ Int+3}
MPRegen 0.31/turn               W - ring "Tahemudoal" {rF+ rN+ MP+9 Dex+6}

@: freezing walls, flying, glowing, unable to read
A: (nimble swimmer 2), mertail, deterioration 2, dopey 1, frail 3, low mp 1,
weak 1, subdued magic 1, inability to read while threatened
}: 4/15 runes: decaying, serpentine, silver, abyssal
a: Renounce Religion, Divine Shield, Cleansing Flame, Summon Divine Warrior,
Brand Weapon With Holy Wrath


You were on level 1 of the Crypt.
You worshipped the Shining One.
The Shining One was exalted by your worship.
You visited 11 branches of the dungeon, and saw 50 of its levels.
You visited the Abyss 3 times.
You also visited: Sewer, Bailey and Volcano.

You collected 10945 gold pieces.
You spent 1838 gold pieces at shops.

Inventory:

Hand Weapons
 f - a +6 trident of venom (weapon)
 Q - a +4 trident of flaming
Missiles
 d - a throwing net
 i - 28 javelins
 l - 11 boomerangs (quivered)
 y - 19 curare-tipped darts
Armour
 a - the +0 pair of boots of the World (worn) {Rampage rF+}
   (You found it on level 3 of the Elven Halls)

   rF:        It protects you from fire.
   Rampage:   It bestows one free step when moving towards enemies.
 b - the +4 skin of Zhor {*Englaciate rC+++ SInv}
   (You found it on level 3 of the Lair of Beasts)

   It radiates cold, occasionally slowing all nearby creatures who are not
   resistant to cold.
   rC:        It renders you almost immune to cold.
   SInv:      It lets you see invisible.
 h - a +2 pair of gloves (worn)
 s - a +4 ring mail of poison resistance (worn)
 D - the +4 dragonskin cloak (worn)
   (You took it off Tiamat on level 1 of the Realm of Zot)

   It grants the wearer a chance to resist fire, cold, poison, electricity,
   acid, and negative energy.
 J - a +5 kite shield of reflection (worn)
 X - the +0 hat "Xaxezot" (worn) {rF+ rCorr Int+3}
   (You bought it in a shop on level 2 of the Orcish Mines)

   Int:       It affects your intelligence (+3).
   rF:        It protects you from fire.
   rCorr:     It protects you from acid and corrosion.
 Y - a +4 ring mail of cold resistance
Jewellery
 c - a ring of fire
 r - the ring of Yendor (left hand) {Fly rF+ Will+ Int+3}
   (You found it on level 5 of the Vaults)

   [ring of willpower]

   Int:       It affects your intelligence (+3).
   rF:        It protects you from fire.
   Fly:       It grants you flight.
   Will:      It increases your willpower.
 v - the ring "Zucoujix" {Fire Int+3 Dex+7 Stlth-}
   (You found it on level 1 of the Depths)

   [ring of fire]

   It enhances your fire magic.
   Int:       It affects your intelligence (+3).
   Dex:       It affects your dexterity (+7).
   rF:        It protects you from fire.
   rC:        It makes you vulnerable to cold.
   Stlth:     It makes you less stealthy.
 z - the ring "Yhuaph" {rElec rF- rN++ Will+}
   (You took it off a deep elf knight on level 3 of the Elven Halls)

   [ring of willpower]

   rF:        It makes you vulnerable to fire.
   rElec:     It insulates you from electricity.
   rN:        It greatly protects you from negative energy.
   Will:      It increases your willpower.
 L - the amulet "Perokim" (around neck) {Will+ Regen+ Dex+4}
   (You took it off a deep elf pyromancer on level 1 of the Elven Halls)

   [amulet of regeneration]

   Dex:       It affects your dexterity (+4).
   Regen:     It increases your rate of health regeneration.
   Will:      It increases your willpower.
 W - the ring "Tahemudoal" (right hand) {rF+ rN+ MP+9 Dex+6}
   (You bought it in a shop on level 3 of the Snake Pit)

   [ring of magical power]

   Dex:       It affects your dexterity (+6).
   rF:        It protects you from fire.
   rN:        It protects you from negative energy.
   MP:        It affects your magic capacity (+9).
Wands
 e - a wand of digging (15)
 w - a wand of flame (203)
 C - a wand of iceblast (79)
 P - a wand of mindburst (15)
 T - a wand of acid (19)
Scrolls
 n - 3 scrolls of fear
 p - 2 scrolls of amnesia
 t - 36 scrolls of identify
 u - 2 scrolls of holy word
 F - 2 scrolls of magic mapping
 H - 4 scrolls of silence
 I - a scroll of brand weapon
 K - 5 scrolls of teleportation
 O - 2 scrolls of fog
Potions
 g - 9 potions of cancellation
 j - 2 potions of ambrosia
 k - 6 potions of flight
 m - 11 potions of curing
 o - 8 potions of haste
 q - 3 potions of resistance
 A - 2 potions of berserk rage
 B - 9 potions of brilliance
 E - 10 potions of mutation
 G - 8 potions of lignification
 R - 3 potions of magic
 S - 3 potions of might
Miscellaneous
 N - a phantom mirror
 U - a phantom mirror


   Skills:
 O Level 27 Fighting
 - Level 14.0 Polearms
 - Level 12.0 Throwing
 - Level 10.0 Armour
 O Level 27 Dodging
 - Level 15.0 Shields
 + Level 17.1 Spellcasting
 - Level 6.0 Translocations
 - Level 20.0 Ice Magic
 - Level 15.0 Invocations


You had 40 spell levels left.
You knew the following spells:

 Your Spells              Type           Power      Damage    Failure   Level
a - Frozen Ramparts       Ice            100%       1d12      0%          3
b - Blink                 Tloc           44%        N/A       2%          2
c - Hailstorm             Conj/Ice       30%        3d8       3%          4
d - Ozocubu's Refrigerat  Ice            25%        4d10      4%          7
e - Passage of Golubria   Tloc           22%        N/A       19%         4

Your spell library contained the following spells:

 Spells                   Type           Power      Damage    Failure   Level
 Freeze                   Ice            100%       1d11      0%          1
 Ozocubu's Armour         Ice            51%        N/A       0%          3
 Apportation              Tloc           44%        N/A       1%          1
 Ensorcelled Hibernation  Hex/Ice        60%        N/A       1%          2
 Lesser Beckoning         Tloc           22%        N/A       5%          3
 Metabolic Englaciation   Hex/Ice        15%        N/A       10%         5
 Portal Projectile        Hex/Tloc       30%        N/A       19%         3
 Sandblast                Erth           18%        2d7       22%         1
 Shock                    Conj/Air       36%        1d5       22%         1
 Slow                     Hex            36%        N/A       22%         1
 Sting                    Tmut/Pois      36%        1d4       22%         1
 Summon Small Mammal      Summ           36%        N/A       22%         1
 Corpse Rot               Necr/Air       18%        N/A       32%         2
 Passwall                 Tmut/Erth      7%         N/A       32%         2
 Poisonous Vapours        Pois/Air       18%        N/A       32%         2
 Freezing Cloud           Conj/Ice/Air   11%        6-21      38%         5
 Manifold Assault         Tloc           22%        N/A       47%         5
 Simulacrum               Ice/Necr       15%        N/A       50%         6
 Call Canine Familiar     Summ           9%         N/A       56%         3
 Confusing Touch          Hex            9%         N/A       56%         3
 Ignite Poison            Fire/Tmut/Pois 9%         N/A       56%         3
 Inner Flame              Hex/Fire       9%         N/A       56%         3
 Spider Form              Tmut/Pois      9%         N/A       56%         3
 Stone Arrow              Conj/Erth      18%        3d8       56%         3
 Summon Guardian Golem    Hex/Summ       9%         N/A       56%         3
 Swiftness                Air            9%         N/A       56%         3
 Tukima's Dance           Hex            9%         N/A       56%         3
 Vampiric Draining        Necr           9%         2d6       56%         3
 Summon Forest            Summ/Tloc      7%         N/A       89%         5
 Airstrike                Air            4%         N/A       93%         4
 Animate Armour           Summ/Erth      18%        N/A       93%         4
 Cause Fear               Hex            4%         N/A       93%         4
 Dispel Undead            Necr           9%         3d8       93%         4
 Leda's Liquefaction      Hex/Erth       4%         N/A       93%         4
 Olgreb's Toxic Radiance  Pois           9%         N/A       93%         4
 Petrify                  Tmut/Erth      9%         N/A       93%         4
 Sticky Flame             Conj/Fire      9%         2d3       93%         4
 Summon Lightning Spire   Summ/Air       9%         N/A       93%         4
 Alistair's Intoxication  Tmut/Pois      6%         N/A       100%        5
 Lightning Bolt           Conj/Air       4%         1d16      100%        5
 Summon Mana Viper        Hex/Summ       9%         N/A       100%        5
 Yara's Violent Unravell  Hex/Tmut       4%         3d4       100%        5
 Death Channel            Necr           4%         N/A       100%        6
 Starburst                Conj/Fire      4%         6d4       100%        6
 Statue Form              Tmut/Erth      6%         N/A       100%        6
 Summon Cactus Giant      Summ           4%         N/A       100%        6
 Orb of Destruction       Conj           4%         9d2       100%        7
 Spellforged Servitor     Conj/Summ      4%         N/A       100%        7
 Discord                  Hex            4%         N/A       100%        8
 Disjunction              Tloc           11%        N/A       100%        8
 Ignition                 Fire           4%         3d4       100%        8
 Lehudib's Crystal Spear  Conj/Erth      4%         10d3      100%        8
 Fire Storm               Conj/Fire      4%         8d1       100%        9
 Polar Vortex             Ice            25%        N/A       100%        9


Dungeon Overview and Level Annotations

Branches:
Dungeon (15/15)            Temple (1/1) D:4            Lair (6/6) D:9
  Swamp (4/4) Lair:2        Snake (4/4) Lair:4        Slime (0/5) Lair:6
    Orc (2/2) D:12            Elf (3/3) Orc:2        Vaults (5/5) D:13
  Crypt (1/3) Vaults:2     Depths (4/4) D:15            Zot (5/5) Depths:4
  Sewer (visited)          Bailey (visited)         Volcano (visited)

Altars:
Ashenzari
Cheibriados
Dithmenos
Elyvilon
Fedhas
Gozag
Hepliaklqana
Kikubaaqudgha
Makhleb
Nemelex Xobeh
Okawaru
Qazlal
Ru
Sif Muna
Trog
Uskayaw
Vehumet
Wu Jian
Xom
Yredelemnul
Zin
The Shining One
Beogh
Jiyva

Shops:
Orc:1 *:[   Orc:2 [!:?   Elf:2 [   Elf:3 ([=   Snake:3 =:![   Vaults:5 !=
Depths:2 *

Portals:
Hell: Depths:1 Depths:2 Depths:3 Depths:4
Abyss: Depths:2 Depths:3
Pandemonium: Orc:2 Depths:1 Depths:2 Depths:3
Ziggurat: Depths:2

Annotations:
D:15 Roxanne
Elf:2 3 runed translucent doors
Depths:3 3 runed translucent doors, oldriver's ghost, veteran DjAE
Zot:4 2 transporters, exclusion: 2 orange crystal statues, browni3141's ghost, legendary BaMo


Innate Abilities, Weirdness & Mutations

((You are quick and stealthy near water. (Stealth+, EV+, Speed+++)))
Your lower body shifts to a powerful aquatic tail in water.
Your body often deteriorates upon taking damage.
You are dopey. (Int -2)
You are extremely frail. (-30% HP)
Your magical capacity is low. (-10% MP)
You are weak. (Str -2)
Your spells are a little easier to cast, but a little less powerful.
You sometimes lose the ability to read scrolls when taking damage.


Message History

Your body deteriorates!
You feel weakened.
You block the skeletal warrior's attack.
You hit the ancient champion but do no damage.
The ancient champion is heavily damaged.
The ancient champion hits you but does no damage.
The ancient champion casts a spell at you.
The iron shot misses you.
Casting: Frozen Ramparts (safe; 0% risk of failure)
Confirm with . or Enter, or press ? or * to list all spells.
Casting: Frozen Ramparts (safe; 0% risk of failure)
Press: ? - help, Dir - look around, f - activate This square is lit by a halo.
The walls around you are covered in ice.
The skeletal warrior resists.
The wall freezes the skeletal warrior.
You block the skeletal warrior's attack.
The ancient champion resists.
The wall freezes the ancient champion.
You block the ancient champion's attack.
You hit the ancient champion but do no damage.
The ancient champion is heavily damaged.
The ancient champion resists.
The wall freezes the ancient champion.
You block the ancient champion's attack.
The skeletal warrior resists.
The wall freezes the skeletal warrior.
The skeletal warrior hits you from afar with a +0 glaive!!
* * * LOW HITPOINT WARNING * * *
Your body deteriorates!
You feel clumsy.
You hit the ancient champion but do no damage.
The ancient champion is heavily damaged.
The ancient champion resists.
The wall freezes the ancient champion.
The ancient champion casts a spell at you.
Your +5 kite shield of reflection reflects the iron shot!
The iron shot misses the ancient champion.
The iron shot hits the skeletal warrior!!
The skeletal warrior completely resists.
The wall freezes the skeletal warrior but does no damage.
The skeletal warrior barely misses you.
You hit the ancient champion but do no damage.
The ancient champion is heavily damaged.
The wall freezes the ancient champion but does no damage.
The ancient champion hits you with a +1 battleaxe!!
You die...

,,,,,,,,,,,,,,,.........*
,,,,,,,,,,,,,,,.........*
*,,,***********#........*
*,,,* #........* *,,,*
#.)......* *,,,*
#........* *,,,*
#z#####..* *,,,* #z# *,,*
*,,,* #@# *,,* *,,,* #.#
*,,# *,,,* #.# *,.#
,,..############.#####..#
,,,.....................*
#**#....................*
.#*#...######'##...####.*
..##...#.......#...# *,*
...#...#.......#...# *,*


You could see an ancient champion (fast) and a skeletal warrior.

Vanquished Creatures
  Tiamat (Zot:1)
  An orb of fire (Zot:5)
  An ancient lich (Vaults:5)
  2 juggernauts (Depths:3)
  Boris (Vaults:3)
  Saint Roka (Snake:2)
  Vashnia (Snake:3)
  2 Killer Klowns (Zot:5)
  A curse toe (Zot:4)
  A caustic shrike (Depths:3)
  16 golden dragons
  A bone dragon (Zot:1)
  4 electric golems
  An Ice Fiend (Zot:5)
  Jorgrun (D:15)
  Rupert (D:15)
  Mlioglotl (Snake:4)
  6 titans
  A walking frostbound tome (Depths:4)
  10 tentacled monstrosities
  3 deep elf blademasters (Elf:3)
  3 liches
  14 Orb Guardians (Zot:5)
  4 deep elf master archers (Elf:3)
  A walking crystal tome (Depths:4)
  12 quicksilver dragons
  Gastronok (D:10)
  11 death cobs
  8 sphinxes
  27 storm dragons
  9 tengu reavers
  4 thorn hunters
  14 shadow dragons
  Donald (Vaults:1)
  3 draconian monks
  A rockslime (Zot:4)
  4 nagarajas (Snake:4)
  12 draconian knights
  6 fire giants
  6 iron dragons
  16 vault wardens
  5 draconian scorchers
  5 ghost moths
  2 ghouls
  11 deep elf sorcerers
  An orc warlord (Vaults:1)
  7 draconian shifters
  A balrug (Abyss:3)
  9 frost giants
  Aizul (Snake:4)
  A curse skull (Vaults:2)
  A cacodemon (Depths:2)
  2 draconian stormcallers
  A reaper (Depths:1)
  22 stone giants
  3 deep elf elementalists (Elf:3)
  7 war gargoyles
  20 very ugly things
  15 ironbound preservers
  A draconian annihilator (Zot:4)
  A spriggan defender (Depths:4)
  4 vampire knights
  7 deep elf demonologists
  10 green draconians
  5 eleionomae
  7 yellow draconians
  12 deep elf annihilators
  2 entropy weavers
  11 dire elephants
  10 black draconians
  5 spark wasps (Depths:1)
  3 bunyips (Swamp:1)
  10 white draconians
  2 minotaurs
  11 purple draconians
  17 red draconians
  2 jiangshi (Crypt:1)
  Snorg (D:11)
  16 fire dragons
  2 green deaths
  A merfolk javelineer (Depths:1)
  2 crystal guardians (Vaults:2)
  20 ettins
  Josephine (D:14)
  3 deep elf death magi
  7 shambling mangroves
  10 yaktaur captains
  The ghost of oldriver the Thaumaturge, a journeyman DjAE of Makhleb (Lair:1)
  41 vault guards
  13 ice dragons
  4 deep elf high priests
  17 naga warriors
  2 demonspawn (Orc:2)
  3 boulder beetles
  6 ghost crabs
  9 great orbs of eyes
  Erolcha (D:11)
  2 great orbs of eyes (shapeshifter) (Abyss:3)
  7 salamander tyrants
  5 spriggan air magi
  4 peacekeepers
  3 rakshasas
  8 ironbound thunderhulks
  18 centaur warriors
  8 anacondas
  20 hydras
  A death knight (D:15)
  A catoblepas (Lair:2)
  7 ironbound frosthearts
  11 dancing weapons
  8 alligators
  12 death yaks
  3 two-headed ogres
  10 deep troll earth magi
  5 deep troll shamans
  4 tengu warriors
  A hell hog (Depths:1)
  17 naga sharpshooters
  4 thrashing horrors
  2 shock serpents
  5 vampire magi
  6 deep elf knights
  7 spriggan berserkers
  8 orc high priests
  2 soul eaters (Depths:1)
  A titan zombie (D:15)
  A fire crab (shapeshifter) (Depths:4)
  8 hell knights
  Sonja (Lair:2)
  A storm dragon zombie (Abyss:2)
  2 sun demons (Abyss:3)
  2 shadow wraiths
  8 iron trolls
  7 salamander mystics
  2 sixfirhies
  29 skeletal warriors
  41 deep trolls
  3 flayed ghosts
  3 goliath frogs
  8 naga ritualists
  A quicksilver dragon simulacrum (Depths:2)
  5 glowing orange brains
  7 spriggan druids
  2 spectral hydras (Swamp:4)
  8 swamp dragons
  A lindwurm (shapeshifter) (Vaults:5)
  A storm dragon skeleton (Vaults:2)
  7 bog bodies
  4 lindwurms
  16 ironbound convokers
  15 wizards
  9 deep elf archers
  12 mana vipers
  6 harpies
  9 phantasmal warriors
  26 deep elf zephyrmancers
  A shadow dragon skeleton (Depths:2)
  24 deep elf pyromancers
  8 necromancers
  A fire giant zombie (D:15)
  10 cyclopes
  3 oklob plants (Swamp:4)
  13 orc knights
  63 ugly things
  6 will-o-the-wisps
  9 orc sorcerers
  2 wolf spiders (shapeshifter)
  5 manticores
  8 guardian serpents
  31 salamanders
  2 tengu skeletons (Vaults:2)
  21 slime creatures
  32 moths of wrath
  34 black mambas
  A molten gargoyle (Depths:2)
  4 human skeletons (Vaults:2)
  2 stone giant skeletons (Vaults:2)
  19 naga magi
  15 vault sentinels
  4 gargoyles
  8 elephants
  2 torpor snails
  An orange demon (Orc:2)
  5 smoke demons
  20 cane toads
  8 unseen horrors
  2 death yak zombies (Crypt:1)
  6 rime drakes
  23 yaktaurs
  A kobold demonologist (D:11)
  10 komodo dragons
  An efreet (D:15)
  A spriggan skeleton (D:15)
  A hellwing (Depths:1)
  A yaktaur skeleton (Vaults:2)
  2 ancient zymes (Abyss:3)
  2 tengu conjurers
  2 ice devils
  6 meliai
  A hydra zombie (Swamp:4)
  2 red devils
  A bloated husk (Swamp:2)
  5 trolls
  7 polar bears
  3 death drake zombies (Swamp:4)
  3 large abominations
  2 hydra skeletons (Swamp:4)
  A merfolk (shapeshifter) (Vaults:5)
  11 tyrant leeches
  A wind drake (shapeshifter) (Depths:2)
  3 death drake skeletons (Swamp:4)
  11 blink frogs (Lair:6)
  28 hornets
  A stone giant simulacrum (Vaults:2)
  A centaur simulacrum (D:14)
  13 spriggans
  2 ettin skeletons
  5 air elementals
  A redback (Vaults:4)
  10 water elementals
  5 wyverns
  An elf skeleton (Vaults:2)
  3 ynoxinuls
  6 wraiths
  54 yaks
  18 humans (D:13)
  2 fire elementals
  8 basilisks
  3 chaos spawn (Depths:2)
  A neqoxec (Orc:2)
  17 vampire mosquitoes
  A warg (Snake:2)
  A swamp worm (shapeshifter) (Vaults:5)
  A naga (shapeshifter) (Elf:2)
  4 acid dragons
  2 spatial vortices (Abyss:3)
  13 water moccasins
  16 swamp worms
  52 nagas
  4 hydra simulacra (Swamp:4)
  A floating eye (Depths:4)
  5 hell hounds (Elf:3)
  A floating eye (shapeshifter) (Elf:2)
  Pargi (Sewer)
  6 swamp drakes
  3 necrophages
  37 orc warriors
  2 sky beasts (D:8)
  3 swamp dragon zombies (Swamp:4)
  2 ice beasts
  3 black bears (Lair:1)
  2 human zombies
  A hornet zombie (D:7)
  A tengu (shapeshifter) (Vaults:5)
  2 ogres
  21 wolves
  2 phantoms (D:4)
  A swamp dragon skeleton (Swamp:4)
  10 centaurs
  A yaktaur zombie (Crypt:1)
  A kobold brigand (D:8)
  21 bullfrogs
  5 scorpions
  2 gnoll sergeants
  An earth elemental (Elf:3)
  A warg zombie (Crypt:1)
  3 killer bees (D:8)
  4 electric eels
  A howler monkey (D:9)
  6 lava snakes (Lair:2)
  5 centaur zombies
  A bullfrog skeleton (D:5)
  A black bear zombie (Crypt:1)
  A centaur skeleton (D:7)
  25 orc priests
  Crazy Yiuf (D:5)
  A bullfrog zombie (D:5)
  2 jellies (Lair:1)
  5 hounds
  3 iguanas
  Ijyb (D:5)
  A scorpion zombie (D:4)
  19 orc wizards
  2 killer bee zombies
  A dwarf zombie (Crypt:1)
  2 small abominations (Abyss:3)
  4 hound zombies
  A howler monkey zombie (D:9)
  13 gnolls
  5 adders
  A river rat (D:3)
  A shadow imp (D:8)
  A white imp (D:6)
  An ufetubus (D:6)
  An adder zombie (D:4)
  2 dart slugs
  63 orcs
  3 bats
  5 endoplasms
  8 giant cockroaches
  13 goblins
  13 hobgoblins
  3 jackals (D:3)
  28 kobolds
  2 quokkas
  8 ball pythons
  8 frilled lizards
  7 rats
  2 lurking horrors (Abyss:3)
2201 creatures vanquished.

Vanquished Creatures (collateral kills)
  A dread lich (Depths:4)
  Boris (Crypt:1)
  Bai Suzhen (Elf:3)
  5 caustic shrikes (Depths:4)
  3 golden dragons (Zot:1)
  A lich (Abyss:3)
  A tentacled monstrosity (Depths:4)
  An ancient champion (Crypt:1)
  A revenant (Crypt:1)
  An iron dragon (Depths:4)
  2 deep elf annihilators (Elf:3)
  The ghost of lunkers the Brawler, a journeyman TrCA of Ignis (Lair:2)
  2 crystal guardians (Abyss:3)
  A great orb of eyes (shapeshifter) (Abyss:3)
  An ice dragon (Depths:4)
  A dancing weapon (Abyss:3)
  A thrashing horror (Abyss:3)
  3 sun demons (Abyss:3)
  2 wretched stars (Abyss:3)
  A spatial maelstrom (Abyss:3)
  2 large abominations (Abyss:3)
  2 unseen horrors (Abyss:3)
  A komodo dragon (shapeshifter) (Abyss:3)
  An ice devil (Abyss:3)
  A wraith (Abyss:3)
  A ynoxinul (Abyss:3)
  A golden eye (shapeshifter) (Depths:4)
  A troll skeleton (Crypt:1)
  A frilled lizard (D:3)
42 creatures vanquished.

Vanquished Creatures (others)
  A ghoul (Swamp:4)
  An alligator (Swamp:2)
  A deep elf knight (Elf:3)
  A swamp dragon (Swamp:2)
  A deep elf pyromancer (Elf:1)
  2 deep elf zephyrmancers
  A guardian serpent (shapeshifter) (Abyss:3)
  2 naga magi
  A black mamba (Snake:3)
  3 bloated husks
  A swamp drake (Swamp:4)
  A necrophage (Swamp:4)
  2 orcs
  4 briar patches (Swamp:4)
  23 foxfires
  23 fungi
  125 plants
  8 withered plants
201 creatures vanquished.

Grand Total: 2444 creatures vanquished

Notes
Turn   | Place    | Note
-------+----------+-------------------------------------------
     0 | D:1      | voltaire321 the Merfolk Gladiator began the quest for the
                  | Orb.
     0 | D:1      | Reached XP level 1. HP: 16/16 MP: 1/1
   261 | D:1      | Reached XP level 2. HP: 23/23 MP: 2/2
   993 | D:2      | Reached XP level 3. HP: 28/28 MP: 3/3
  1029 | D:2      | Found a faded altar of an unknown god.
  1058 | D:2      | Reached skill level 5 in Polearms
  1581 | D:2      | Reached XP level 4. HP: 35/35 MP: 4/4
  2678 | D:3      | Found a glowing drain.
  2682 | Sewer    | Entered a sewer
  2730 | Sewer    | Reached XP level 5. HP: 37/41 MP: 5/5
  2763 | Sewer    | Noticed Pargi
  2779 | Sewer    | Killed Pargi
  2780 | Sewer    | Reached skill level 5 in Dodging
  2780 | Sewer    | Reached skill level 1 in Shields
  3029 | D:3      | Reached XP level 6. HP: 34/48 MP: 4/6
  3361 | D:3      | Learned a level 3 spell: Frozen Ramparts
  4008 | D:4      | You fall into a shaft and drop 3 floors!
  4314 | D:6      | Noticed an ice beast
  4318 | D:5      | Entered Level 5 of the Dungeon
  4336 | D:5      | Noticed an ice beast
  4641 | D:4      | Reached skill level 1 in Ice Magic
  4641 | D:4      | Reached XP level 7. HP: 37/54 MP: 4/8
  5041 | D:4      | Reached skill level 1 in Spellcasting
  5081 | D:4      | Found a staircase to the Ecumenical Temple.
  5087 | Temple   | Entered the Ecumenical Temple
  5143 | Temple   | Became a worshipper of the Shining One
  5553 | D:5      | Found a runed translucent door.
  5554 | D:5      | Noticed Crazy Yiuf
  5562 | D:5      | Killed Crazy Yiuf
  5921 | D:5      | Reached skill level 1 in Invocations
  5988 | D:5      | HP: 1/55 [orc warrior (12)]
  6497 | D:4      | Reached XP level 8. HP: 43/61 MP: 6/10
  6711 | D:5      | Noticed Ijyb
  6722 | D:5      | Killed Ijyb
  6963 | D:5      | Reached skill level 5 in Fighting
  7415 | D:6      | Reached * piety under the Shining One
  7519 | D:6      | Identified a scroll of acquirement
  7519 | D:6      | Acquired 640 gold pieces
  7963 | D:6      | Reached XP level 9. HP: 68/68 MP: 12/12
  8730 | D:7      | Reached skill level 5 in Throwing
  9365 | D:8      | Reached skill level 1 in Armour
  9386 | D:8      | Found a flagged portal.
  9400 | Bailey   | Entered a bailey
  9436 | Bailey   | Noticed an orc knight
  9483 | Bailey   | Killed an orc knight
  9561 | Bailey   | Noticed an orc knight
  9679 | Bailey   | Killed an orc knight
  9680 | Bailey   | Reached XP level 10. HP: 31/76 MP: 13/13
  9945 | D:8      | Reached skill level 5 in Ice Magic
 10493 | D:9      | Reached skill level 5 in Invocations
 10590 | D:9      | Reached ** piety under the Shining One
 10882 | D:9      | Noticed a deep elf pyromancer
 10882 | D:9      | Noticed a cyclops
 11120 | D:9      | Noticed a two-headed ogre
 11157 | D:9      | Killed a two-headed ogre
 11158 | D:9      | Reached skill level 10 in Polearms
 11222 | D:9      | Killed a cyclops
 11223 | D:9      | Reached XP level 11. HP: 84/84 MP: 15/15
 11321 | D:9      | Killed a deep elf pyromancer
 12078 | D:9      | Found a staircase to the Lair.
 12219 | D:10     | Entered Level 10 of the Dungeon
 12247 | D:10     | Found an iron altar of Okawaru.
 12398 | D:10     | Noticed a two-headed ogre
 12412 | D:10     | Killed a two-headed ogre
 12418 | D:10     | Found a hazy altar of Hepliaklqana.
 12624 | D:10     | Noticed Gastronok
 12669 | D:10     | Killed Gastronok
 12670 | D:10     | Reached skill level 10 in Dodging
 13194 | Lair:1   | Entered Level 1 of the Lair of Beasts
 13318 | Lair:1   | Reached XP level 12. HP: 94/94 MP: 17/17
 13514 | Lair:1   | Reached *** piety under the Shining One
 13566 | Lair:1   | Found a runed translucent door.
 13932 | Lair:1   | Found a runed translucent gate.
 13932 | Lair:1   | Found a runed translucent gate.
 13932 | Lair:1   | Found a runed translucent gate.
 13934 | Lair:1   | Found a viscous altar of Jiyva.
 13934 | Lair:1   | Noticed oldriver's ghost (journeyman DjAE)
 14206 | Lair:2   | Noticed Sonja
 14218 | Lair:2   | Killed Sonja
 14219 | Lair:2   | Reached skill level 5 in Armour
 14306 | Lair:2   | Found a staircase to the Swamp.
 14415 | Lair:2   | Found a dark tunnel.
 14423 | Volcano  | Entered a volcano
 14452 | Volcano  | Found a burning altar of Makhleb.
 14453 | Volcano  | Noticed a hell knight
 14623 | Volcano  | Killed a hell knight
 14655 | Volcano  | Reached XP level 13. HP: 27/103 MP: 19/19
 14754 | Volcano  | Reached skill level 10 in Fighting
 15085 | Lair:2   | Found a runed translucent gate.
 15085 | Lair:2   | Found a runed translucent gate.
 15087 | Lair:2   | Found a runed translucent gate.
 15425 | Lair:2   | Noticed a minotaur
 15428 | Lair:2   | Noticed lunkers's ghost (journeyman TrCA)
 15486 | Lair:2   | Killed a minotaur
 15534 | Lair:2   | Killed lunkers's ghost
 15534 | Lair:2   | Reached **** piety under the Shining One
 15950 | Lair:1   | Noticed a minotaur
 15987 | Lair:1   | Killed a minotaur
 16143 | Lair:1   | Killed oldriver's ghost
 16164 | Lair:1   | Identified the +2 chain mail "Fuonyuna" {rElec Regen+ Int-4
                  | Dex+5}
 16495 | Lair:3   | Reached skill level 10 in Invocations
 16730 | Lair:3   | Found the +4 skin of Zhor {*Englaciate rC+++ SInv}
 17497 | Lair:4   | Found a staircase to the Snake Pit.
 17781 | Lair:4   | Reached XP level 14. HP: 94/114 MP: 22/22
 18906 | Lair:6   | Entered Level 6 of the Lair of Beasts
 19161 | Lair:6   | Reached ***** piety under the Shining One
 19264 | Lair:6   | Reached skill level 15 in Dodging
 19642 | Lair:6   | Found a staircase to the Slime Pits.
 19642 | Lair:6   | Found a viscous altar of Jiyva.
 20057 | Lair:6   | Reached XP level 15. HP: 124/124 MP: 24/24
 20725 | D:11     | Noticed Erolcha
 20732 | D:11     | Paralysed by Erolcha for 3 turns
 20751 | D:11     | Killed Erolcha
 21883 | D:12     | You fall into a shaft and drop 2 floors!
 22488 | D:12     | Noticed Snorg
 22523 | D:11     | Killed Snorg
 22869 | D:12     | Found a staircase to the Orcish Mines.
 22870 | D:12     | Reached ****** piety under the Shining One
 22960 | Orc:1    | Entered Level 1 of the Orcish Mines
 22961 | Orc:1    | Found Hasuapt's Book Shoppe.
 22994 | Orc:1    | Learned a level 2 spell: Blink
 22995 | Orc:1    | Found Luehoon's General Store.
 22998 | Orc:1    | Found Ajagh's Armour Shop.
 23062 | Orc:1    | Bought a +1 kite shield of reflection for 202 gold pieces
 23374 | Orc:2    | Entered Level 2 of the Orcish Mines
 23553 | Orc:2    | Found a staircase to the Elven Halls.
 24044 | Orc:2    | Found Ininel's Magic Scroll Boutique.
 24047 | Orc:2    | Found Kayrphey's Distillery.
 24140 | Orc:2    | Reached skill level 1 in Translocations
 24712 | Orc:2    | Paralysed by an orc sorcerer for 4 turns
 24719 | Orc:2    | Gained mutation: Your magical capacity is low. (-10% MP) [a
                  | neqoxec]
 24720 | Orc:2    | Paralysed by an orc sorcerer for 4 turns
 24730 | Orc:2    | Reached skill level 5 in Spellcasting
 24949 | Orc:2    | Found Catolis's Book Shoppe.
 24949 | Orc:2    | Found Ovongeikk's Antique Armour Emporium.
 24949 | Orc:2    | Found a one-way gate leading to the halls of Pandemonium.
 24969 | Orc:2    | Reached skill level 5 in Shields
 24975 | Orc:2    | Bought a steaming hat for 288 gold pieces
 24975 | Orc:2    | Identified the +0 hat "Xaxezot" {rF+ rCorr Int+3} (You
                  | bought it in a shop on level 2 of the Orcish Mines)
 24975 | Orc:2    | Bought a distressingly furry ring mail for 288 gold pieces
 24975 | Orc:2    | Identified the +1 ring mail "Imieb" {rF+ Dex+4} (You bought
                  | it in a shop on level 2 of the Orcish Mines)
 25217 | D:13     | Found the +4 robe of Augmentation {Str+4 Int+4 Dex+4}
 25282 | D:13     | Reached XP level 16. HP: 134/134 MP: 23/23
 25727 | D:13     | Found a gate to the Vaults.
 26541 | D:14     | Noticed Josephine
 26752 | D:14     | Killed Josephine
 26943 | D:14     | Reached skill level 15 in Fighting
 27296 | D:15     | Entered Level 15 of the Dungeon
 27321 | D:14     | Upgraded the game from 0.28-a0-957-g42eb19b844 to
                  | 0.28-a0-973-ga7f8b01127
 27358 | D:15     | Noticed Rupert
 27369 | D:15     | Paralysed by Rupert for 3 turns
 27398 | D:15     | Killed Rupert
 28031 | D:15     | Found a staircase to the Depths.
 28088 | D:15     | Noticed Roxanne
 28234 | D:15     | Noticed Jorgrun
 28257 | D:15     | Killed Jorgrun
 29000 | Swamp:1  | Entered Level 1 of the Swamp
 29206 | Swamp:1  | Got the Handbook of Cold and the Blaze
 29305 | Swamp:1  | Reached skill level 5 in Translocations
 29305 | Swamp:1  | Reached XP level 17. HP: 65/142 MP: 19/25
 29978 | Swamp:2  | Reached skill level 15 in Invocations
 30298 | Swamp:2  | HP: 7/143 [constriction (10)]
 30310 | Swamp:2  | HP: 3/144 [spore (18)]
 30974 | Swamp:3  | Noticed a tentacled monstrosity
 31001 | Swamp:3  | Killed a tentacled monstrosity
 32089 | Swamp:4  | Entered Level 4 of the Swamp
 33358 | Swamp:4  | Reached XP level 18. HP: 117/153 MP: 26/26
 33419 | Swamp:4  | Identified the +6 short sword of the Hungering Salmon
                  | {freeze, rF++}
 33530 | Swamp:4  | Identified the ring "Agoighog" {Fly rF+}
 33886 | Swamp:4  | Found a basalt altar of Yredelemnul.
 34020 | Swamp:4  | Found a blossoming altar of Fedhas.
 34398 | Swamp:4  | Got a decaying rune of Zot
 34526 | Snake:1  | Entered Level 1 of the Snake Pit
 34875 | Snake:1  | Reached skill level 10 in Shields
 35989 | Snake:1  | Acquired 1304 gold pieces
 36533 | Snake:2  | Noticed Saint Roka
 36815 | Snake:2  | Killed Saint Roka
 37482 | Snake:2  | Learned a level 4 spell: Hailstorm
 37644 | Snake:3  | Noticed Vashnia
 38114 | Snake:3  | Reached XP level 19. HP: 98/161 MP: 27/27
 38284 | Snake:3  | Killed Vashnia
 38530 | Snake:3  | Found Apecor's Jewellery Boutique.
 38533 | Snake:3  | Found Elugg's Distillery.
 38533 | Snake:3  | Found Xyghef Nitap's Book Boutique.
 38536 | Snake:3  | Found Ichooke's Armour Shop.
 38815 | Snake:3  | Bought the ring "Tahemudoal" {rF+ rN+ MP+9 Dex+6} for 965
                  | gold pieces
 38889 | Snake:3  | Reached XP level 20. HP: 168/168 MP: 28/28
 38892 | Snake:4  | Entered Level 4 of the Snake Pit
 39185 | Snake:4  | Reached skill level 10 in Ice Magic
 39350 | Snake:4  | Noticed Aizul
 39377 | Snake:4  | Killed Aizul
 39563 | Snake:4  | Noticed Mlioglotl
 39599 | Snake:4  | Killed Mlioglotl
 40211 | Snake:4  | Reached skill level 10 in Throwing
 40911 | Snake:4  | Got a serpentine rune of Zot
 41527 | Elf:1    | Entered Level 1 of the Elven Halls
 41528 | Elf:1    | Paralysed by an air elemental for 1 turns
 41533 | Elf:1    | Paralysed by an air elemental for 1 turns
 42077 | Elf:1    | Found a shimmering blue altar of Sif Muna.
 42290 | Elf:1    | Identified the amulet "Perokim" {Will+ Regen+ Dex+4}
 42375 | Elf:1    | Got the Compendium of Creative Confrontation
 42776 | Elf:2    | Reached XP level 21. HP: 178/178 MP: 29/29
 42813 | Elf:2    | Found Fosy's Armour Shop.
 43450 | Elf:2    | Found a runed translucent gate.
 43451 | Elf:2    | Found a runed translucent gate.
 43451 | Elf:2    | Found a runed translucent gate.
 43463 | Elf:3    | Entered Level 3 of the Elven Halls
 43463 | Elf:3    | Noticed Bai Suzhen
 43470 | Elf:2    | Upgraded the game from 0.28-a0-973-ga7f8b01127 to
                  | 0.28-a0-983-g1de4e0787c
 43681 | Elf:3    | Found Roicyug's Antique Weapon Emporium.
 43687 | Elf:3    | Found Qaupsomo's Armour Shoppe.
 43690 | Elf:3    | Found Poosi's Jewellery Emporium.
 43885 | Elf:3    | Cast into level 3 of the Abyss (a deep elf sorcerer)
 44147 | Abyss:3  | Got an abyssal rune of Zot
 44166 | Elf:3    | Escaped the Abyss
 44177 | Elf:3    | Paralysed by an air elemental for 1 turns
 44680 | Elf:3    | Identified the ring "Yhuaph" {rElec rF- rN++ Will+}
 44902 | Elf:3    | Killed Bai Suzhen
 45231 | Elf:3    | Identified the +4 scimitar of Moci {vorpal, Fly Will+}
 45231 | Elf:3    | Identified the +1 robe of Lugonu {Int+3}
 45242 | Elf:3    | Reached XP level 22. HP: 188/188 MP: 29/29
 45400 | Elf:3    | Got the Volume of Dislocated Transformation
 45402 | Elf:3    | Identified the +0 pair of boots of the World {Rampage rF+}
 46101 | Vaults:1 | Entered Level 1 of the Vaults
 46315 | Vaults:1 | Noticed Donald
 46325 | Vaults:1 | Killed Donald
 47026 | Vaults:1 | Reached skill level 10 in Armour
 47978 | Vaults:2 | Identified the +5 arbalest "Killer Klown's Curse" {venom,
                  | rCorr}
 48818 | Vaults:2 | Noticed a golden dragon
 48818 | Vaults:2 | Cast into level 2 of the Abyss (a deep elf demonologist)
 48960 | Vaults:2 | Escaped the Abyss
 48975 | Vaults:2 | Killed a golden dragon
 49899 | Vaults:2 | Reached XP level 23. HP: 191/198 MP: 30/30
 49991 | Vaults:2 | Found a staircase to the Crypt.
 50031 | Vaults:2 | Reached skill level 15 in Shields
 51713 | Vaults:3 | Noticed Boris
 51763 | Vaults:3 | Killed Boris
 51898 | Vaults:3 | Acquired 629 gold pieces
 53845 | Crypt:1  | Entered Level 1 of the Crypt
 53878 | Crypt:1  | Noticed Boris
 54110 | Depths:1 | Entered Level 1 of the Depths
 54242 | Depths:1 | Found a shadowy altar of Dithmenos.
 54351 | Depths:1 | Cast into level 3 of the Abyss (a wizard)
 54363 | Depths:1 | Escaped the Abyss
 54500 | Depths:1 | Reached XP level 24. HP: 140/210 MP: 31/31
 54623 | Depths:1 | Learned a level 7 spell: Ozocubu's Refrigeration
 55120 | Depths:1 | Found a glowing golden altar of the Shining One.
 55589 | Depths:1 | Found a gateway to Hell.
 55625 | Depths:1 | Identified the ring "Zucoujix" {Fire Int+3 Dex+7 Stlth-}
 56819 | Depths:2 | Found a one-way gate to the infinite horrors of the Abyss.
 57123 | Depths:2 | Found Big Baal Hell's Store.
 57313 | Depths:2 | Found a gateway to a ziggurat.
 58114 | Depths:3 | Noticed oldriver's ghost (veteran DjAE)
 58114 | Depths:3 | Found a runed translucent gate.
 58114 | Depths:3 | Found a runed translucent gate.
 58114 | Depths:3 | Found a runed translucent gate.
 58355 | Depths:3 | Noticed a juggernaut
 58364 | Depths:3 | Noticed a juggernaut
 58417 | Depths:3 | Killed a juggernaut
 58422 | Depths:3 | Killed a juggernaut
 58437 | Depths:3 | Reached skill level 27 in Dodging
 58734 | Depths:3 | Noticed a caustic shrike
 58758 | Depths:3 | Killed a caustic shrike
 58759 | Depths:3 | Reached skill level 15 in Ice Magic
 58794 | Depths:3 | Reached XP level 25. HP: 176/219 MP: 31/31
 59065 | Depths:3 | Identified the +5 scale mail of Faclunol {rF- rCorr Slay-3
                  | Stlth+}
 59669 | Depths:4 | Entered Level 4 of the Depths
 60497 | Depths:4 | Found a gate to the Realm of Zot.
 61049 | Depths:4 | Noticed a dread lich
 61060 | Depths:4 | Paralysed by a dread lich for 7 turns
 61076 | Depths:4 | Killed a dread lich
 61201 | Depths:4 | Identified the +9 fustibalus of the Destroying Fool {flame,
                  | *Slow rPois Will+}
 61816 | Vaults:5 | Entered Level 5 of the Vaults
 62249 | Vaults:5 | Reached XP level 26. HP: 233/233 MP: 31/31
 62464 | Vaults:5 | Identified the ring of Yendor {Fly rF+ Will+ Int+3}
 62480 | Vaults:5 | Identified the +1 plate armour of the Untouchables {Dex+3
                  | Slay+5}
 62954 | Vaults:5 | Got a silver rune of Zot
 63206 | Vaults:5 | Found Leygh's Distillery.
 63211 | Vaults:5 | Bought a potion of heal wounds for 95 gold pieces
 63212 | Vaults:5 | Found Qoidoew's Jewellery Shoppe.
 63283 | Vaults:5 | HP: 11/237 [frost giant (10)]
 63288 | Vaults:5 | HP: 3/237 [titan/the air (22)]
 63664 | Vaults:5 | Identified the +10 mace of Psychosis {holy, SInv}
 63844 | Vaults:5 | Noticed an ancient lich
 63874 | Vaults:5 | Identified the +8 rapier "Tealylo" {drain, Int+2 Dex-5
                  | Stlth+}
 63888 | Vaults:5 | Killed an ancient lich
 64715 | Zot:1    | Entered Level 1 of the Realm of Zot
 65236 | Zot:1    | Reached skill level 27 in Fighting
 65491 | Zot:1    | Identified the amulet of Pushix {Spirit *Slow rCorr MP+9
                  | Stlth+}
 65532 | Zot:1    | Identified the +7 great mace of Zezod {drain, Int+2 SInv}
 65533 | Zot:1    | Identified the +6 hand axe "Amidd" {pain, rPois rN+ Will-}
 66044 | Zot:1    | Found the +4 dragonskin cloak
 66044 | Zot:1    | Noticed Tiamat
 66070 | Zot:1    | Reached skill level 10 in Spellcasting
 66893 | Zot:1    | Killed Tiamat
 66894 | Zot:1    | Reached XP level 27. HP: 201/249 MP: 34/34
 67088 | Zot:1    | Identified the +5 ring mail "Piejyc" {rCorr Dex+3}
 68003 | Zot:2    | Learned a level 4 spell: Passage of Golubria
 68572 | Zot:2    | Identified the +7 war axe of Righteous Fury {flame, Int+4}
 68573 | Zot:2    | Identified the +1 helmet of the Farmer {rF+ rC+}
 69231 | Zot:2    | Upgraded the game from 0.28-a0-983-g1de4e0787c to
                  | 0.28-a0-984-g3775c662fe
 70595 | Zot:4    | Found a transporter.
 70599 | Zot:4    | Noticed browni3141's ghost (legendary BaMo)
 70674 | Zot:4    | Noticed a dread lich
 71276 | Zot:4    | Reached skill level 15 in Spellcasting
 71608 | Zot:4    | Found a transporter.
 71786 | Zot:5    | Entered Level 5 of the Realm of Zot
 72807 | Zot:5    | Noticed an orb of fire
 72810 | Zot:5    | Gained mutation: You are dopey. (Int -2) [an orb of fire]
 72824 | Zot:5    | HP: 8/249 [orb of fire/bolt of fire (24)]
 72825 | Zot:5    | The Shining One protects you from harm!
 72828 | Zot:5    | The Shining One protects you from harm!
 72829 | Zot:5    | HP: 1/249 [electric golem/bolt of lightning (14)]
 72834 | Zot:5    | HP: 3/249 [orb of fire/fireball (21)]
 73047 | Zot:5    | Gained mutation: You are frail. (-10% HP) [an orb of fire]
 73051 | Zot:5    | Gained mutation: You are weak. (Str -2) [an orb of fire]
 73071 | Zot:5    | Gained mutation: Your body sometimes deteriorates upon
                  | taking damage. [an orb of fire]
 73072 | Zot:5    | Gained mutation: Your spells are a little easier to cast,
                  | but a little less powerful. [an orb of fire]
 73080 | Zot:5    | Gained mutation: Your body often deteriorates upon taking
                  | damage. [an orb of fire]
 73082 | Zot:5    | Gained mutation: You sometimes lose the ability to read
                  | scrolls when taking damage. [an orb of fire]
 73101 | Zot:5    | Gained mutation: You are very frail. (-20% HP) [an orb of
                  | fire]
 73106 | Zot:5    | Killed an orb of fire
 73933 | Zot:5    | Noticed an orb of fire
 73934 | Zot:5    | Noticed a dread lich
 73941 | Zot:5    | Gained mutation: You are extremely frail. (-30% HP) [an orb
                  | of fire]
 74769 | Crypt:1  | Killed Boris
 75090 | Crypt:1  | Mangled by an ancient champion

Illustrated notes

Levels and vault maps discovered:
D:1:      dpeg_arrival_oval, layout_loops_ring, minmay_pentomino_s4
D:2:      layout_basic, ebering_ecumenical_altar_petrified, minmay_3d_cube
D:3:      layout_loops_cross, serial_aquarium, aquarium_bridge_long_separate
          [aquarium_subvault_window, aquarium_subvault_bridge,
          aquarium_subvault_wall, aquarium_subvault_bridge,
          aquarium_subvault_bridge, aquarium_subvault_wall],
          aquarium_bridge_square [aquarium_subvault_wall,
          aquarium_subvault_bridge, aquarium_subvault_bridge,
          aquarium_subvault_wall], aquarium_window_1, aquarium_window_double,
          aquarium_view_2e, aquarium_view_2b, gup_sewer_entry_bowl
D:4:      layout_gridville, minmay_temple_entry_hall, serial_undead,
          serial_undead_c, serial_undead_f, serial_undead_c, serial_undead_e
D:5:      layout_cave_pools, uniq_ijyb, uniq_crazy_yiuf_cottage
D:6:      layout_layer_cave
D:7:      layout_basic, serial_glass, glass_columns_a, glass_columns_a,
          feat_on_display, feat_on_display, minmay_strange_pillars
D:8:      layout_cave_pools, enter_bailey_3, kennysheep_generic_room_15
D:9:      layout_stronghold, erik_lair_dragon, eino_curves_01,
          minmay_mirror_moons_of_madness
D:10:     layout_basic, nicolae_hepliaklqana_hazy_memory,
          general_overflow_altar, glass_columns_c, uniq_gastronok
D:11:     layout_stronghold, kennysheep_cluttered_room, uniq_erolcha
D:12:     layout_basic, orc_0_dummy, uniq_snorg
D:13:     layout_basic, grunt_vaults_entry_tiered
D:14:     layout_layer_cave, uniq_josephine
D:15:     gammafunk_depths_entry_grave, layout_small_grid, grunt_decor_cap,
          uniq_jorgrun, uniq_rupert, uniq_roxanne
Temple:   regret_index_temple_chain_breaker
Lair:1:   dreamdust_labyrinth, layout_misc_corridors, gammafunk_ghost_ooze,
          gammafunk_lair_bear_cave, serial_bayou_shore_b, lemuel_fruit_fields,
          grunt_megastairs_1
Lair:2:   layout_misc_corridors, skrybe_swamp_entry_bodies,
          maelrawn_ghost_gauntlet_escape, nicolae_volcano_entry_two_sided,
          nicolae_lair_liquid_snakes, grunt_megastairs_4, uniq_sonja
Lair:3:   layout_regular_city, hellmonk_guarded_unrand_zhor,
          infiniplex_staircase_pool_2, grunt_megastairs_3
Lair:4:   layout_gridlike, guppyfry_snake_entry_island
Lair:5:   layout_small_grid, serial_bayou_shore_b, lemuel_fruit_fields
Lair:6:   minmay_lair_end_frog_pond, layout_regular_city, slime_altar_1,
          infiniplex_staircase_pool, serial_bayou_shore_b
Swamp:1:  layout_falls_marsh, evilmike_swamp_ruin_rubble_1
Swamp:2:  layout_basic_swamp, nicolae_swamp_long_stream
Swamp:3:  layout_falls_marsh, nicolae_swamp_bean_lake
Swamp:4:  byrel_swamp_growth_death_and_undeath, layout_basic_swamp
Snake:1:  layout_concentric_octagons, st_stairs_8, nrook_loot_triangle,
          serial_bayou_shore_b
Snake:2:  layout_misc_corridors, drop_trap, uniq_saint_roka
Snake:3:  layout_cave_shapes, special_room, minmay_shoptagon, lemuel_fruit_tree,
          grunt_megastairs_5, uniq_vashnia
Snake:4:  grunt_snake_rune_pools, layout_misc_corridors, uniq_mlioglotl,
          uniq_aizul
Orc:1:    layout_caves, serial_shops, shop, shop, nicolae_shop_trees,
          basic_altar
Orc:2:    pf_orc_diabolical, layout_diamond_mine, nicolae_orc_damp_corner,
          minmay_orc_keep
Elf:1:    minmay_elf_arrival_summoners, layout_geoelf_octagon, basic_altar,
          minmay_elf_sorcery
Elf:2:    nicolae_elf_blades_crystal_corner, layout_loops_ring, serial_shops,
          nicolae_shop_statue_plus, library_closet, st_stairs_2,
          nrook_mini_backslash, kilobyte_rumbling_trees
Elf:3:    minmay_elf_hall_furrowed, layout_loops_corners, special_room
          [special_room_mythical_zoo], minmay_shop_star, uniq_bai_suzhen
Vaults:1: nicolae_vaults_network_square, ontoclasm_vaults_shuriken,
          vaults_room_grid, ontoclasm_vaults_decontamination,
          vaults_dpeg_spiral, v_misc_19, vaults_dpeg_diagonal,
          nicolae_vaults_little_squares_6, layout_vaults_chaotic_city,
          uniq_donald
Vaults:2: vaults_dpeg_hooks, vaults_room_grunt_arrival_ludios,
          nicolae_vaults_diagonal_hallway_7, ontoclasm_vaults_ring_small,
          minmay_crypt_entry_skeletal_spiral, ontoclasm_vaults_chip,
          v_pattern_1, nicolae_vaults_border_crossing,
          grunt_vaults_hallway_long, vaults_room_fours, ontoclasm_vaults_spin,
          nicolae_vaults_octagons, v_misc_17, layout_vaults_omnicross
Vaults:3: v_misc_12, nicolae_vaults_rhombus_5, vaults_mumra_chevron,
          v_alt_pattern_6, nicolae_vaults_meeting, grunt_vaults_trifunnel,
          nicolae_vaults_stairing_the_circle, ontoclasm_vaults_pinch,
          grunt_vaults_twisty, layout_vaults_ring, uniq_boris
Vaults:4: nicolae_vaults_angled_halls, v_rooms_1,
          nicolae_vaults_network_periphery, dpeg_vaults_monster_box,
          nicolae_vaults_ninety_degrees, v_misc_13,
          nicolae_vaults_little_squares_1, hangedman_vaults_locks,
          vaults_room_ringed_pool, ontoclasm_vaults_chip,
          layout_vaults_maze_bifur
Vaults:5
Crypt:1:  layout_chaotic_city
Depths:1: layout_cave_shapes, hellmouth_1, grunt_pan_entry_in_and_out,
          nicolae_dithmenos_through_a_glass_darkly, chequers_jeans,
          tso_metal_star, serial_bayou_shore_a, serial_bayou_shore_b
Depths:2: lemuel_flame_loot_2, layout_small_grid, enter_ziggurat_f,
          nicolae_hell_entry_big_baal_hell, infiniplex_staircase_hallway_doors,
          rand_demon_pan_entry_4, abyss_entry
Depths:3: evilmike_diamond_1, layout_honeycomb, biasface_ghost_demon_polymorph,
          hell_entry, minivault_11, pan_entry, hangedman_abyss_entry_splay,
          infiniplex_staircase_zigzag_4
Depths:4: grunt_runaround [grunt_runaround_doors_1, grunt_runaround_doors_2,
          grunt_runaround_doors_3, grunt_runaround_doors_4,
          grunt_runaround_zot], hell_entry
Zot:1:    layout_cathedral_of_symmetry, hangedman_zot_decor_slant,
          st_grand_hoard_of_tiamat
Zot:2:    layout_onion, st_small_dragon_hoard_4
Zot:3:    layout_misc_corridors
Zot:4:    layout_misc_corridors, nzn_ghost_randoct, skrybe_zot_glass_1
Zot:5:    layout_gridlike

Skill      XL: |  1  2  3  4  5  6  7  8  9 10 11 12 13 14 15 16 17 18 19 20 21 22 23 24 25 26 27 |
---------------+----------------------------------------------------------------------------------+-----
Polearms       | 5 6 7 8 10 11 13 14 | 14.0
Fighting       | 3 4 5 6 7 8 9 11 13 14 15 16 17 18 19 20 21 22 24 27 | 27.0
Throwing       | 3 4 5 6 7 9 10 12 | 12.0
Dodging        | 5 6 7 8 9 10 11 14 16 17 18 19 20 21 22 23 25 27 | 27.0
Shields        | 1 2 3 4 5 7 9 10 11 12 13 14 15 | 15.0
Ice Magic      | 1 2 3 4 6 7 8 9 10 12 15 18 20 | 20.0
Spellcasting   | 1 2 3 4 5 6 8 10 17 | 17.1
Invocations    | 1 3 4 5 7 8 10 12 13 14 15 | 15.0
Armour         | 2 3 4 5 6 7 8 9 10 | 10.0
Translocations | 2 5 6 |  6.0

Action                   |  1- 3 |  4- 6 |  7- 9 | 10-12 | 13-15 | 16-18 | 19-21 | 22-24 | 25-27 || total
-------------------------+-------+-------+-------+-------+-------+-------+-------+-------+-------++-------
Melee: Trident           |   118 |   247 |   361 |   822 |  1909 |  2587 |  1492 |  3257 |  3791 || 14584
       Tailslap          |       |     1 |       |       |       |     9 |     1 |     3 |       ||    14
Throw: Dart              |       |     5 |     6 |    22 |    12 |     8 |     9 |       |       ||    62
       Boomerang         |       |       |       |    35 |    62 |   272 |   156 |   142 |   358 ||  1025
 Cast: Frozen Ramparts   |       |       |       |     6 |    28 |    15 |    87 |   164 |   154 ||   454
       Blink             |       |       |       |       |       |       |     1 |     7 |     1 ||     9
       Hailstorm         |       |       |       |       |       |       |       |    10 |    16 ||    26
       Ozocubu's Refrige |       |       |       |       |       |       |       |       |    61 ||    61
Invok: Cleansing Flame   |       |       |       |       |       |    50 |     7 |     4 |     7 ||    68
       Divine Shield     |       |       |       |       |       |     6 |       |       |       ||     6
       Summon Divine War |       |       |       |       |       |       |     3 |       |     6 ||     9
Evoke: Wand              |       |       |       |     5 |     7 |     9 |     2 |     3 |     1 ||    27
  Use: Scroll            |       |     6 |     7 |    10 |    15 |     8 |     2 |     9 |    13 ||    70
       Potion            |       |       |       |     2 |     2 |     6 |     4 |     1 |    12 ||    27
 Stab: Sleeping          |     3 |     3 |       |       |       |       |       |       |       ||     6
Armor: Leather armour    |    21 |    11 |       |       |       |       |       |       |       ||    32
       Ring mail         |       |    48 |    86 |    73 |       |       |       |   180 |   433 ||   820
       Troll leather arm |       |       |       |    51 |    30 |       |       |       |       ||    81
       Scale mail        |       |       |       |    12 |     1 |       |       |       |       ||    13
       Animal skin       |       |       |       |       |   173 |   192 |       |       |       ||   365
       Ice dragon scales |       |       |       |       |     1 |       |       |       |       ||     1
       Swamp dragon scal |       |       |       |       |       |    85 |   109 |    11 |       ||   205
Dodge: Dodged            |    65 |   113 |   186 |   628 |  1428 |  2100 |   902 |  1961 |  3032 || 10415
Block: Buckler           |       |    34 |    73 |   182 |   272 |       |       |       |       ||   561
       Kite shield       |       |       |       |       |   205 |  1542 |   802 |  2155 |  3285 ||  7989
       Reflection        |       |       |       |       |     2 |    93 |   103 |    60 |    23 ||   281

Table legend: (Time is in decaauts)
 A = Elapsed time spent in this place.
 B = Non-inter-level travel time spent in this place.
 C = Inter-level travel time spent in this place.
 D = Time resting spent in this place.
 E = Time spent auto-exploring this place.
 F = Levels seen in this place.
 G = Mean time per level.
                   A        B        C        D        E       F      G
               +--------+--------+--------+--------+--------+-----+--------+
         Total |  70019 |  65401 |   4618 |  15679 |  22911 |  56 | 1250.3 |
       Dungeon |  18819 |  17119 |   1700 |   3576 |   8540 |  15 | 1254.6 |
        Temple |    155 |    155 |      0 |      0 |     71 |   1 |  155.0 |
          Lair |   6619 |   6211 |    408 |    316 |   3360 |   6 | 1103.2 |
         Swamp |   4992 |   4869 |    123 |   1858 |   1084 |   4 | 1248.0 |
     Snake Pit |   6442 |   5928 |    514 |   2054 |   1119 |   4 | 1610.5 |
  Orcish Mines |   2110 |   1945 |    165 |    128 |    907 |   2 | 1055.0 |
   Elven Halls |   3859 |   3757 |    102 |    587 |   1086 |   3 | 1286.3 |
        Vaults |   9756 |   9039 |    717 |   2331 |   2985 |   5 | 1951.2 |
         Crypt |    360 |    358 |      2 |     77 |     10 |   1 |  360.0 |
        Depths |   6920 |   6256 |    664 |   1291 |   2063 |   4 | 1730.0 |
           Zot |   8544 |   8325 |    219 |   3224 |   1446 |   5 | 1708.8 |
         Abyss |    362 |    362 |      0 |      0 |     23 |   3 |  120.7 |
         Sewer |    252 |    252 |      0 |     29 |    121 |   1 |  252.0 |
        Bailey |    447 |    447 |      0 |     36 |     92 |   1 |  447.0 |
       Volcano |    374 |    374 |      0 |    168 |      0 |   1 |  374.0 |
               +--------+--------+--------+--------+--------+-----+--------+

Top non-repeatable levels by time:
Vaults:2: 2823 daAuts
   Zot:1: 2545 daAuts
     D:4: 2124 daAuts
 Snake:4: 2070 daAuts
     D:9: 2037 daAuts
   Elf:3: 1947 daAuts
Depths:1: 1900 daAuts
Vaults:5: 1881 daAuts
Vaults:1: 1863 daAuts
Depths:4: 1827 daAuts
Depths:2: 1782 daAuts
   Zot:2: 1761 daAuts
 Snake:1: 1727 daAuts
    D:14: 1703 daAuts
     D:2: 1681 daAuts
